 Dungeon Crawl Stone Soup version 0.25-a0-294-gea9b1ad378 (webtiles) character file.

Game seed: 13281891467721365199, levelgen mode: classic

2375 Borgoz the Skirmisher (level 9, -4/56 HPs)
             Began as a Gargoyle Gladiator on Dec 19, 2019.
             Was a Follower of Dithmenos.
             Slain by an orc warrior
             ... wielding a +0 dire flail
              (10 damage)
             ... on level 8 of the Dungeon.
             The game lasted 00:09:01 (6127 turns).

Borgoz the Skirmisher (Gargoyle Gladiator)          Turns: 6127, Time: 00:09:01

Health: -4/56      AC: 19    Str: 19    XL:     9   Next: 45%
Magic:  11/11      EV: 18    Int:  8    God:    Dithmenos [*.....]
Gold:   374        SH:  0    Dex: 19    Spells: 8/8 levels left

rFire    . . .     SeeInvis .   a - +0 scimitar (curse)
rCold    . . .     Gourm    .   (no shield)
rNeg     + . .     Faith    .   k - +2 scale mail {MR+}
rPois    ∞         Spirit   .   m - +0 helmet
rElec    +         Reflect  .   (no cloak)
rCorr    .         Harm     .   y - +0 pair of gloves
MR       +....                  p - +0 pair of boots
Stlth    +++.......             (no amulet)
HPRegen  0.18/turn              (no ring)
MPRegen  0.12/turn              (no ring)

@: agile, hasted, wreathed by umbra, very quick
A: negative energy resistance 1, electricity resistance, unbreathing,
petrification resistance, rot immunity, AC +6
a: Renounce Religion


You were on level 8 of the Dungeon.
You worshipped Dithmenos.
Dithmenos was aware of your devotion.
You were near starving.

You visited 1 branch of the dungeon, and saw 8 of its levels.

You collected 374 gold pieces.

Inventory:

Hand Weapons
 a - a cursed +0 scimitar (weapon)
 b - a +5 great sword
 A - a cursed +2 scimitar
Missiles
 o - a throwing net (quivered)
Armour
 k - a +2 scale mail of magic resistance (worn)
 m - a +0 helmet (worn)
 p - a +0 pair of boots (worn)
 y - a +0 pair of gloves (worn)
Wands
 n - a wand of random effects (16)
Scrolls
 c - 4 scrolls of magic mapping {unknown}
 e - 3 scrolls of blinking {unknown}
 i - 4 scrolls of enchant weapon {unknown}
 j - 8 scrolls of remove curse
 l - a scroll of fear {unknown}
 s - 3 scrolls of enchant armour {unknown}
 w - a scroll of teleportation {unknown}
 z - 3 scrolls of amnesia {unknown}
Potions
 d - a potion of cancellation {unknown}
 g - 5 potions of might {unknown}
 h - a potion of flight {unknown}
 q - 4 potions of lignification {unknown}
 r - a potion of agility
 t - a potion of brilliance
 v - a potion of curing
Comestibles
 f - 13 rations


   Skills:
 * Level 6.5 Fighting
 * Level 5.8 Long Blades
 - Level 1.7 Throwing
 * Level 5.8 Armour
 * Level 5.2 Dodging
 + Level 3.3 Stealth
 + Level 3.0 Invocations
 + Level 2.5 Evocations


You had 8 spell levels left.
You didn't know any spells.
Your spell library was empty.

Dungeon Overview and Level Annotations

Branches:
Dungeon (8/15)
 Temple: D:4-7         Lair: D:8-11

Altars:
Dithmenos
Elyvilon
Fedhas
Makhleb
Ru
Vehumet
Wu Jian
The Shining One


Innate Abilities, Weirdness & Mutations

You are resistant to torment.
Your stone body is resilient. (AC +6)
You are immune to poison.
You resist negative energy. (rN+)
You are resistant to electric shocks. (rElec)
You can survive without breathing.
You are immune to petrification.
You are immune to rotting.


Message History

Okay, then.
You barely miss the orc warrior.
The orc warrior is lightly wounded.
The orc warrior hits you but does no damage.
Okay, then.
You feel agile all of a sudden.
The orc warrior hits you but does no damage.
You hit the orc warrior but do no damage.
The orc warrior is lightly wounded.
The orc warrior barely misses you.
You hit the orc warrior but do no damage.
The orc warrior is lightly wounded.
The orc warrior hits you with a +0 dire flail!
* * * LOW HITPOINT WARNING * * *
You hit the orc warrior.
The orc warrior is lightly wounded.
The orc warrior misses you.
You feel yourself speed up.
The orc warrior hits you with a +0 dire flail!
You die...

#. .. #.# #.. #
#.#... .#
......###.####.
.......l.......
#o# #@# #.# ..#
...# #...#
#.#.# ..#.#
#..#..


You could see an orc warrior and an iguana.

Vanquished Creatures
  A hungry ghost (D:7)
  2 sky beasts
  An ice beast (D:5)
  2 centaurs
  A phantom (D:5)
  2 ogres
  A scorpion (D:6)
  9 wights
  A howler monkey (D:5)
  5 crimson imps
  2 bullfrog skeletons
  A jelly (D:5)
  4 hounds
  5 orc priests
  3 orc wizards
  Terence (D:2)
  Jessica (D:2)
  An iguana (D:5)
  Natasha (thrice) (D:3)
  2 worker ants
  A hound skeleton (D:5)
  A mummy (D:6)
  A howler monkey zombie (D:5)
  A worker ant zombie (D:6)
  Robin (D:2)
  14 adders
  A shadow imp (D:5)
  A worm (D:2)
  2 dart slugs
  4 leopard geckos
  9 orcs
  2 ball pythons (D:2)
  7 bats
  5 giant cockroaches
  9 goblins
  8 hobgoblins
  7 jackals
  2 quokkas
  A hobgoblin zombie (D:6)
  A jackal skeleton (D:5)
  A jackal zombie (D:5)
  7 kobolds
  2 kobold zombies (D:6)
  A leopard gecko skeleton (D:6)
  A leopard gecko zombie (D:5)
  An orc zombie (D:6)
  9 rats
148 creatures vanquished.

Notes
Turn   | Place    | Note
-------+----------+-------------------------------------------
     0 | D:1      | Borgoz the Gargoyle Gladiator began the quest for the Orb.
     0 | D:1      | Reached XP level 1. HP: 12/12 MP: 1/1
   133 | D:1      | Reached XP level 2. HP: 14/18 MP: 2/2
   280 | D:1      | Reached skill level 1 in Armour
   671 | D:2      | Reached XP level 3. HP: 22/22 MP: 3/3
   727 | D:2      | Noticed Terence
   743 | D:2      | Killed Terence
   743 | D:2      | Reached skill level 3 in Fighting
   743 | D:2      | Reached XP level 4. HP: 21/28 MP: 4/4
   939 | D:2      | Noticed Robin
   952 | D:2      | Killed Robin
  1115 | D:2      | Noticed Jessica
  1123 | D:2      | Killed Jessica
  1123 | D:2      | Reached XP level 5. HP: 23/32 MP: 5/5
  1957 | D:3      | Reached XP level 6. HP: 33/38 MP: 6/6
  2013 | D:3      | Reached skill level 4 in Fighting
  2155 | D:3      | Noticed Natasha
  2160 | D:3      | Killed Natasha
  2185 | D:3      | Noticed Natasha
  2204 | D:3      | Killed Natasha
  2351 | D:3      | Noticed Natasha
  2364 | D:3      | Killed Natasha
  2658 | D:3      | Found a sacrificial altar of Ru.
  2659 | D:3      | Found a shadowy altar of Dithmenos.
  2683 | D:3      | Became a worshipper of Dithmenos the Shadowed
  2834 | D:4      | Reached XP level 7. HP: 44/44 MP: 7/7
  2848 | D:5      | Entered Level 5 of the Dungeon
  3299 | D:5      | Reached skill level 1 in Stealth
  3548 | D:5      | Reached skill level 1 in Invocations
  3550 | D:5      | Reached skill level 1 in Evocations
  3633 | D:4      | Found a glowing golden altar of the Shining One.
  3935 | D:5      | Reached skill level 5 in Fighting
  3935 | D:5      | Reached XP level 8. HP: 49/49 MP: 8/8
  4312 | D:5      | Reached skill level 5 in Long Blades
  4900 | D:6      | Reached skill level 5 in Armour
  4904 | D:6      | Reached * piety under Dithmenos
  4952 | D:6      | Found a white marble altar of Elyvilon.
  5127 | D:6      | Reached XP level 9. HP: 19/55 MP: 10/10
  5134 | D:6      | Reached skill level 6 in Fighting
  5548 | D:6      | Found a burning altar of Makhleb.
  5548 | D:6      | Found a radiant altar of Vehumet.
  5677 | D:6      | Reached skill level 5 in Dodging
  5854 | D:6      | Found an ornate altar of the Wu Jian Council.
  5855 | D:6      | Found a blossoming altar of Fedhas.
  6127 | D:8      | Slain by an orc warrior

Levels and vault maps discovered:
D:1:      mrwooster_arrival_statue, layout_loops_ring
D:2:      layout_basic, first_ration, uniq_jessica, uniq_terence, uniq_robin
D:3:      layout_rooms, gammafunk_temple_overflow_statue, minivault_19,
          uniq_natasha
D:4:      layout_gridville, minmay_misc_feat_rows, tso_metal_star
D:5:      layout_loops_corners
D:6:      layout_basic, grunt_temple_overflow_lords_of_destruction,
          nicolae_overflow_hidden_temple, minmay_mini_ossuary
D:7:      layout_rooms, temple_fountains
D:8:      minmay_the_grid_octo_triangle [minmay_the_grid_octo_77,
          minmay_the_grid_octo_prize_star, minmay_the_grid_octo_shrine],
          layout_basic, lemuel_round_altar, serial_shops, shop,
          hangedman_little_slice_of_home, minmay_manual_mail

Skill      XL: |  1  2  3  4  5  6  7  8  9 |
---------------+----------------------------+-----
Armour         | 1 2 3 4 5 |  5.8
Long Blades    | 3 4 5 |  5.8
Fighting       | 3 4 5 6 |  6.5
Dodging        | 3 4 5 |  5.2
Stealth        | 1 2 3 |  3.3
Invocations    | 1 2 3 |  3.0
Evocations     | 1 2 |  2.5
Throwing       | |  1.7

Action                   |  1- 3 |  4- 6 |  7- 9 || total
-------------------------+-------+-------+-------++-------
Melee: Long sword        |    79 |   201 |   283 ||   563
       Scimitar          |       |       |   140 ||   140
Throw: Throwing net      |       |     1 |     2 ||     3
Evoke: Wand              |       |       |     1 ||     1
  Use: Scroll            |       |       |     5 ||     5
       Potion            |       |       |     6 ||     6
 Stab: Distracted        |       |     1 |       ||     1
       Held in net/web   |       |     1 |       ||     1
       Paralysed         |       |       |     5 ||     5
  Eat: Chunk             |       |     7 |    15 ||    22
Armor: Leather armour    |    47 |    97 |   119 ||   263
       Scale mail        |       |       |    91 ||    91
Dodge: Dodged            |    64 |   176 |   298 ||   538
       Rpst.: Long sword |    25 |    54 |    56 ||   135
       Scimitar          |       |       |    41 ||    41

Table legend:
 A = Non-vault XP
 B = Vault XP
 C = Vault XP percentage of total XP
 D = Non-vault monster count
 E = Vault monster count
 F = Vault count percentage of total count
                 A         B        C        D         E       F
            +---------+---------+-------+---------+---------+-------
      Total |    3186 |     208 |   6.1 |     129 |      19 |  12.8
            +---------+---------+-------+---------+---------+-------
        D:1 |      33 |       0 |   0.0 |      19 |       0 |   0.0
        D:2 |      87 |     105 |  54.7 |      21 |      12 |  36.4
        D:3 |     309 |      35 |  10.2 |      23 |       1 |   4.2
        D:4 |     119 |       0 |   0.0 |       7 |       0 |   0.0
        D:5 |     935 |       0 |   0.0 |      25 |       0 |   0.0
        D:6 |    1087 |      68 |   5.9 |      25 |       6 |  19.4
        D:7 |     616 |       0 |   0.0 |       9 |       0 |   0.0
            +---------+---------+-------+---------+---------+-------
